 Dungeon Crawl Stone Soup version 0.29-a0-323-g050149af67 (webtiles) character file.

Game seed: 1804565525051545145

858 Jortsu the Cleaver (level 8, 0/70 HPs)
             Began as a Hill Orc Fighter on Apr 11, 2022.
             Succumbed to Eustachio's poison
             ... on level 5 of the Dungeon.
             The game lasted 00:07:20 (5364 turns).

Jortsu the Cleaver (Hill Orc Fighter)               Turns: 5364, Time: 00:07:21

Health: 0/70       AC: 12    Str: 21    XL:     8   Next: 2%
Magic:  8/8        EV:  7    Int:  8    God:
Gold:   260        SH:  4    Dex: 10    Spells: 7/7 levels left

rFire   . . .      SeeInvis .   a - +0 war axe
rCold   . . .      Faith    .   c - +0 buckler
rNeg    . . .      Spirit   .   j - +0 chain mail
rPois   .          Reflect  .   m - +0 helmet
rElec   .          Harm     .   (no cloak)
rCorr   .          Rampage  .   (no gloves)
Will    .....                   k - +0 pair of boots
Stlth   ..........              (no amulet)
HPRegen 0.21/turn               (no ring)
MPRegen 0.11/turn               (no ring)

@: lethally poisoned (0 -> -5)
A: no striking features
a: no special abilities


You were on level 5 of the Dungeon.
You visited 1 branch of the dungeon, and saw 5 of its levels.

You collected 306 gold pieces.
You spent 46 gold pieces at shops.

Inventory:

Hand Weapons
 a - a +0 war axe (weapon)
Armour
 c - a +0 buckler (worn)
 j - a +0 chain mail (worn)
 k - a +0 pair of boots (worn)
 m - a +0 helmet (worn)
Jewellery
 n - a ring of willpower
Scrolls
 i - 2 scrolls of summoning
 o - a scroll of identify
 p - a scroll of vulnerability
 q - a scroll of magic mapping
 r - a scroll of blinking {unknown}
Potions
 b - a potion of mutation
 d - 2 potions of might
 e - a potion of ambrosia
 f - 3 potions of attraction
 g - a potion of haste
 h - a potion of curing
 l - 3 potions of lignification


   Skills:
 + Level 5.8 Fighting
 + Level 8.2 Axes
 + Level 5.7 Armour
 + Level 1.0 Dodging
 + Level 0.3 Stealth
 + Level 4.0 Shields


You had 7 spell levels left.
You didn't know any spells.
Your spell library contained the following spells:

 Spells                   Type           Power      Damage    Failure   Level
 Pain                     Necr           0%         1d4       99%         1
 Call Canine Familiar     Summ           0%         N/A       100%        3
 Frozen Ramparts          Ice            0%         1d2       100%        3
 Portal Projectile        Hex/Tloc       0%         N/A       100%        3
 Animate Dead             Necr           0%         N/A       100%        4
 Ice Form                 Ice/Tmut       0%         N/A       100%        4
 Leda's Liquefaction      Hex/Erth       0%         N/A       100%        4
 Summon Ice Beast         Ice/Summ       0%         N/A       100%        4
 Borgnjor's Vile Clutch   Necr/Erth      0%         N/A       100%        5


Dungeon Overview and Level Annotations

Branches:
Dungeon (5/15)             Temple (0/1) D:4

Altars:
Dithmenos
Elyvilon

Shops:
D:1 :   D:2 *   D:5 (

Annotations:
D:5 Eustachio


Message History

* * * LOW HITPOINT WARNING * * *
You feel very sick.
Eustachio gestures wildly while chanting.
Eustachio blinks!
The river rat bites you but does no damage.
The quokka barely misses you.
* * * LOW HITPOINT WARNING * * *
You feel very sick.
Eustachio casts a spell.
Eustachio blinks!
The river rat barely misses you.
The quokka bites you but does no damage.
The quokka attacks as you move away!
The quokka bites you but does no damage.
* * * LOW HITPOINT WARNING * * *
You feel very sick.
You barely miss Eustachio.
Eustachio is moderately wounded.
You hit the quokka. You slash the river rat!
You kill the river rat!
The river rat's corpse disappears in a puff of smoke!
* * * LOW HITPOINT WARNING * * *
You feel very sick.
The quokka twitches its whiskers.
The quokka bites you but does no damage.
Eustachio mumbles some strange words.
The quokka barely misses you.
Eustachio casts a spell.
Eustachio blinks!
* * * LOW HITPOINT WARNING * * *
You feel sick. The bat hits you but does no damage.
The quokka bites you but does no damage.
Eustachio mumbles some strange words.
Eustachio blinks!
* * * LOW HITPOINT WARNING * * *
You feel sick. The bat hits you but does no damage. The bat barely misses you.
You block Eustachio's attack.
You barely miss Eustachio.
Eustachio is moderately wounded.
You miss the bat. You hit the quokka but do no damage.
You die...

########################
.................@......
................@b...ยง..
................r.......
........................
........................
................#####...
................# ..
................# .
................#
.............####


You could see Eustachio, a quokka (summoned) and a bat (summoned).

Vanquished Creatures
  Menkaure (D:4)
  A black bear (D:3)
  A sky beast (D:5)
  2 scorpions (D:5)
  A necrophage (D:4)
  2 hounds (D:5)
  2 iguanas (D:4)
  2 orc wizards
  4 gnolls (D:5)
  5 adders
  A shadow imp (D:5)
  2 white imps (D:5)
  4 worms
  9 orcs
  5 ball pythons
  8 bats
  5 endoplasms
  5 giant cockroaches
  8 goblins
  8 hobgoblins
  8 jackals
  15 kobolds
  3 quokkas (D:1)
  3 frilled lizards
  7 rats
112 creatures vanquished.

Notes
Turn   | Place    | Note
-------+----------+-------------------------------------------
     0 | D:1      | Jortsu the Hill Orc Fighter began the quest for the Orb.
     0 | D:1      | Reached XP level 1. HP: 19/19 MP: 1/1
    41 | D:1      | Reached skill level 3 in Axes
    41 | D:1      | Reached XP level 2. HP: 25/26 MP: 2/2
   205 | D:1      | Found a faded altar of an unknown god.
   384 | D:1      | Reached XP level 3. HP: 33/33 MP: 3/3
   386 | D:1      | Found Ufueddinn's Book Shoppe.
   952 | D:2      | Reached skill level 4 in Axes
  1165 | D:2      | Reached XP level 4. HP: 40/40 MP: 4/4
  1737 | D:2      | Got Ampiu's Grimoire of Stolen Souls
  1787 | D:2      | Found Ziyta's Assorted Antiques.
  1795 | D:2      | Bought a scroll labelled HUAGOA GEWE for 23 gold pieces
  1795 | D:2      | Bought a scroll labelled REPPOFUSEM for 23 gold pieces
  2370 | D:3      | Found a white marble altar of Elyvilon.
  3055 | D:4      | Reached XP level 5. HP: 41/46 MP: 5/5
  3061 | D:4      | Noticed a black bear
  3071 | D:3      | Killed a black bear
  3072 | D:3      | Reached skill level 5 in Axes
  3225 | D:4      | Reached XP level 6. HP: 44/53 MP: 6/6
  3236 | D:4      | Reached skill level 6 in Axes
  3342 | D:4      | Found a staircase to the Ecumenical Temple.
  3469 | D:4      | Noticed Menkaure
  3475 | D:4      | Killed Menkaure
  3476 | D:4      | Reached skill level 7 in Axes
  3476 | D:4      | Reached XP level 7. HP: 31/60 MP: 7/7
  3480 | D:4      | Reached skill level 5 in Fighting
  3990 | D:5      | Entered Level 5 of the Dungeon
  4033 | D:5      | Reached skill level 5 in Armour
  4088 | D:5      | Reached skill level 1 in Dodging
  4198 | D:5      | Found Gaplesch's Weapon Shoppe.
  4629 | D:5      | Reached skill level 8 in Axes
  4704 | D:5      | Found a shadowy altar of Dithmenos.
  4852 | D:5      | Reached XP level 8. HP: 36/70 MP: 8/8
  4854 | D:5      | Noticed Eustachio
  5362 | D:5      | HP: 3/70 [poisoned by Eustachio]
  5364 | D:5      | Succumbed to Eustachio's poison

Illustrated notes

Levels and vault maps discovered:
D:1:      minmay_arrival_shoal_huts, layout_basic, serial_shops,
          nicolae_shop_stone, shapermc_ecumenical_altar_venn
D:2:      layout_basic, serial_shops, shop, grunt_decor_fettered,
          mrwooster_statue_mirror
D:3:      layout_basic, mainiacjoe_overflow_concentric_impassable
D:4:      layout_cave_pools, temple_pool_b, uniq_menkaure
D:5:      layout_gridville, grunt_dithmenos_shadows, serial_shops,
          shop_fountains, uniq_eustachio

Skill      XL: |  1  2  3  4  5  6  7 |
---------------+----------------------+-----
Axes           | 3 4 5 7 8 |  8.2
Fighting       | 4 5 |  5.8
Armour         | 4 5 |  5.7
Dodging        | 1 |  1.0
Shields        | 4 |  4.0
Stealth        | |  0.3

Action                   |  1- 3 |  4- 6 |  7- 9 || total
-------------------------+-------+-------+-------++-------
Melee: War axe           |    97 |   135 |   115 ||   347
  Use: Scroll            |     3 |     7 |     3 ||    13
       Potion            |       |     1 |       ||     1
Armor: Scale mail        |    83 |       |       ||    83
       Chain mail        |       |   106 |    91 ||   197
Dodge: Dodged            |    91 |    46 |    39 ||   176
Block: Buckler           |    39 |    25 |    21 ||    85

Table legend: (Time is in decaauts)
 A = Elapsed time spent in this place.
 B = Non-inter-level travel time spent in this place.
 C = Inter-level travel time spent in this place.
 D = Time resting spent in this place.
 E = Time spent auto-exploring this place.
 F = Levels seen in this place.
 G = Mean time per level.
                   A        B        C        D        E       F      G
               +--------+--------+--------+--------+--------+-----+--------+
         Total |   5460 |   5409 |     51 |    940 |   3382 |   5 | 1092.0 |
       Dungeon |   5460 |   5409 |     51 |    940 |   3382 |   5 | 1092.0 |
               +--------+--------+--------+--------+--------+-----+--------+

Top non-repeatable levels by time:
     D:2: 1253 daAuts
     D:5: 1132 daAuts
     D:4: 1125 daAuts
     D:3: 978 daAuts
     D:1: 971 daAuts
